 Dungeon Crawl Stone Soup version 0.18.1-1-g2f07953 (webtiles) character file.

693 Jerry the Covered (level 7, -2/61 HPs)
             Began as a Deep Dwarf Fighter on May 7, 2016.
             Was a Follower of Pakellas.
             Slain by a small abomination (8 damage)
             ... on level 1 of the Abyss.
             The game lasted 00:28:10 (3556 turns).

Jerry the Covered (Deep Dwarf Fighter)              Turns: 3556, Time: 00:28:10

Health: -2/61      AC: 14    Str: 21    XL:     7   Next: 37%
Magic:  4/10       EV:  7    Int:  9    God:    Pakellas [*.....]
Gold:   204        SH: 10    Dex: 12    Spells: 0 memorised, 6 levels left

rFire  + . .     SeeInvis .     a - +1 war axe
rCold  . . .     Gourm    .     o - +2 scale mail {rF+}
rNeg   + + .     Faith    .     c - +0 shield
rPois  .         Spirit   .     t - +2 helmet
rElec  .         Dismiss  .     A - +0 cloak
rCorr  .         Reflect  .     (no gloves)
SustAt .         Harm     .     (no boots)
MR     +....                    (no amulet)
Stlth  ..........               r - ring of positive energy
                                C - ring of positive energy

@: non-regenerating, somewhat resistant to hostile enchantments, extremely
unstealthy
A: damage resistance, recharge devices, sense surroundings 1, slow regeneration
3
a: Device Recharging, Quick Charge, Renounce Religion


You were on level 1 of the Abyss.
You worshipped Pakellas.
Pakellas was aware of your devotion.
You were not hungry.

You visited 1 branch of the dungeon, and saw 5 of its levels.
You visited the Abyss 1 time.

You collected 204 gold pieces.

Inventory:

Hand Weapons
 a - a +1 war axe (weapon)
Armour
 c - a +0 shield (worn)
 o - a +2 scale mail of fire resistance (worn)
 t - a +2 helmet (worn)
 A - a +0 cloak (worn)
Jewellery
 r - a ring of positive energy (right hand)
 C - a ring of positive energy (left hand)
Wands
 e - a wand of heal wounds (3/9)
 k - a wand of iceblast (8/15)
 s - a wand of confusion (14/48)
 w - a wand of polymorph (8/24)
Scrolls
 d - a scroll of identify
 j - a scroll of teleportation {unknown}
 l - a scroll of enchant weapon
 x - 3 scrolls of remove curse
 y - a scroll of fog {unknown}
 B - a scroll of amnesia
Potions
 b - 3 potions of agility
 g - a potion of mutation {unknown}
 i - a potion of curing {unknown}
 m - a potion of magic {unknown}
 n - a potion of degeneration {unknown}
 p - a potion of brilliance {unknown}
 v - a potion of flight {unknown}
Comestibles
 f - 2 bread rations
 h - 3 meat rations
 q - 4 fruits


   Skills:
 - Level 2.6 Fighting
 + Level 5.1 Axes
 + Level 5.7 Armour
 + Level 5.7 Shields
 - Level 4.0 Evocations


You had 6 spell levels left.
You didn't know any spells.

Dungeon Overview and Level Annotations

Branches:
Dungeon (5/15)
 Temple: D:4-7

Altars:
Nemelex Xobeh
Pakellas
Ru
Sif Muna
Yredelemnul
Zin


Innate Abilities, Weirdness & Mutations

You are resistant to damage.
You can recharge devices by infusing magical energy.
You passively map a small area around you.
You do not regenerate naturally.


Message History

The small abomination closely misses you.
A quasit comes into view.
The small abomination hits you but does no damage.
You block the small abomination's attack.
The small abomination hits you but does no damage.
The small abomination closely misses you.
You block the small abomination's attack.
The small abomination hits you but does no damage.
The small abomination hits you!
* * * LOW HITPOINT WARNING * * *
The small abomination hits you.
* * * LOW HITPOINT WARNING * * *
The raiju barks!
You block the small abomination's attack.
The raiju stops to sniff the ground.
You block the small abomination's attack.
The raiju pauses to sniff the ground.
The small abomination hits you!
You die...
Pakellas says: Time to start the next experiment...

############ #####
#..........##
...#.## ....h......#
#x3##........3.....#
###.##.#....x..x@.##
.#.#...###.##..##
.##.........#.#.. .
#....#.#.#.#..## # #
#############.# ..
##


You could see a raiju, a chaos spawn and 2 small abominations.

Vanquished Creatures
  Edmund (D:4)
  An ogre (D:5)
  A scorpion (D:5)
  2 howler monkeys
  An orc priest (D:5)
  A jelly (D:5)
  4 orc wizards
  2 worker ants
  4 adders
  2 oozes
  2 worms (D:2)
  2 dart slugs
  A giant gecko (D:5)
  11 orcs
  5 bats
  3 giant cockroaches
  8 goblins
  2 hobgoblins (D:1)
  11 jackals
  5 quokkas
  A ball python (D:4)
  A giant cockroach zombie (D:5)
  5 giant newts
  8 kobolds
  A quokka zombie (D:5)
  6 rats
91 creatures vanquished.

Vanquished Creatures (others)
  An orc wizard (D:5)
  A plant (D:4)
2 creatures vanquished.

Grand Total: 93 creatures vanquished

Notes
Turn   | Place    | Note
--------------------------------------------------------------
     0 | D:1      | Jerry the Deep Dwarf Fighter began the quest for the Orb.
     0 | D:1      | Reached XP level 1. HP: 20/20 MP: 1/1
   220 | D:1      | Reached XP level 2. HP: 20/27 MP: 2/2
   653 | D:2      | Reached XP level 3. HP: 6/33 MP: 3/3
  1039 | D:2      | Found an oddly glowing altar of Pakellas.
  1053 | D:2      | Found a basalt altar of Yredelemnul.
  1053 | D:2      | Found a deep blue altar of Sif Muna.
  1059 | D:2      | Became a worshipper of Pakellas the Inventive
  1235 | D:3      | Found a glowing silver altar of Zin.
  1335 | D:3      | Reached XP level 4. HP: 39/40 MP: 4/4
  1508 | D:3      | Found a sparkling altar of Nemelex Xobeh.
  1558 | D:3      | HP: 2/40 [orc wizard/magic dart (9)]
  1565 | D:3      | Reached * piety under Pakellas
  1565 | D:3      | Received a gift from Pakellas
  1816 | D:3      | Found a deep blue altar of Sif Muna.
  1837 | D:3      | Reached XP level 5. HP: 25/46 MP: 5/5
  1843 | D:3      | Reached skill level 1 in Evocations
  2091 | D:4      | Found a sacrificial altar of Ru.
  2203 | D:4      | Noticed Edmund
  2210 | D:4      | Killed Edmund
  2210 | D:4      | Reached skill level 5 in Armour
  2210 | D:4      | Reached skill level 5 in Shields
  2210 | D:4      | Reached XP level 6. HP: 29/55 MP: 3/8
  2860 | D:5      | Entered Level 5 of the Dungeon
  2964 | D:5      | Reached XP level 7. HP: 48/61 MP: 9/9
  3417 | D:5      | Reached skill level 5 in Axes
  3454 | D:5      | Cast into level 1 of the Abyss (orc)
  3495 | Abyss:1  | Noticed a chaos spawn
  3496 | Abyss:1  | Noticed a small abomination
  3549 | Abyss:1  | Noticed a raiju
  3556 | Abyss:1  | Slain by a small abomination

Skill      XL: |  1  2  3  4  5  6  7 |
---------------+----------------------+-----
Shields        | 4 5 |  5.7
Armour         | 4 5 |  5.7
Axes           | 3 4 5 |  5.1
Evocations     | 2 3 4 |  4.0
Fighting       | |  2.6

Action                   |  1- 3 |  4- 6 |  7- 9 || total
-------------------------+-------+-------+-------++-------
Melee: War axe           |   153 |   148 |    60 ||   361
Invok: Quick Charge      |       |     5 |     1 ||     6
Evoke: Wand              |     2 |     9 |     3 ||    14
  Use: Scroll            |     3 |     6 |     1 ||    10
       Potion            |       |     1 |       ||     1
 Stab: Confused          |       |     1 |       ||     1
  Eat: Chunk             |     2 |     5 |     3 ||    10
Armor: Scale mail        |    60 |    68 |    53 ||   181
Dodge: Dodged            |    28 |    46 |    18 ||    92
Block: Shield            |    97 |    83 |    46 ||   226
